 Dungeon Crawl Stone Soup version 0.31-a0-844-gdc52ec4e09 (webtiles) character file.

Game seed: 3365345973985808997

18 Inkie2 the Poker (level 3, 31/31 HPs)
             Began as a Meteoran Fighter on Sept 29, 2023.
             Quit the game on level 1 of the Dungeon.
             The game lasted 00:00:42 (425 turns).

Inkie2 the Poker (Meteoran Fighter)                  Turns: 425, Time: 00:00:42

Health: 31/31      AC:  6    Str: 19    XL:     3   Next: 5%
Magic:  4/4        EV:  9    Int:  9    God:
Gold:   50         SH:  5    Dex: 14    Spells: 2/2 levels left

rFire   . . .        a - +0 trident
rCold   . . .        c - +0 buckler
rNeg    . . .        b - +0 scale mail
rPois   .            (no helmet)
rElec   .            (no cloak)
rCorr   .            (no gloves)
SInv    .            (no boots)
Will    .....        (no amulet) Stlth
                     (no ring)
HPRegen 0.25/turn    (no ring)
MPRegen 0.09/turn

%: no passive effects
@: glowing
A: sense surroundings 1, otherworldly, glowing, explore regen
a: no special abilities


You were on level 1 of the Dungeon.
You visited 1 branch of the dungeon, and saw 1 of its levels.

You collected 50 gold pieces.

Inventory:

Hand Weapons
 a - a +0 trident (weapon)
Armour
 b - a +0 scale mail (worn)
 c - a +0 buckler (worn)
Scrolls
 e - a scroll of identify {unknown}
 f - a scroll of fog {unknown}
Potions
 d - a potion of might
 g - a potion of ambrosia {unknown}


   Skills:
 - Level 3.2 Fighting
 + Level 3.9 Polearms
 - Level 3.2 Armour
 - Level 3.2 Shields


You had 2 spell levels left.
You didn't know any spells.
Your spell library was empty.

Dungeon Overview and Level Annotations

Branches:
Dungeon (1/15) Zot: 166

Altars:


Innate Abilities, Weirdness & Mutations

You passively map a small area around you.
You are easily found by Zot.
You glow in the dark.
You regain HP and MP as you explore.


Message History

A rat comes into view.
A rat is nearby!
You reach to attack!
You barely miss the rat. You hit the rat.
You kill the rat!
You have reached level 3!
Your experience leads to an increase in your attributes!
Increase (S)trength, (I)ntelligence, or (D)exterity?
You feel stronger. x2; You feel agile.
There is an open door here.
You open the door.
There is an open door here.
A kobold comes into view. It is wielding a +0 dagger.
The kobold shouts!
The kobold throws a stone.
The stone hits you.
A kobold is nearby!
You reach to attack!
You hit the kobold.
You kill the kobold!
No target in view!
No target in view!
No target in view!
No target in view!
No target in view!
No target in view!
No target in view!
No target in view!
No target in view!
Things that are here:
a +0 dagger; 5 stones
Found a whip.
You now have 50 gold pieces (gained 12).
g - a sedimented grey potion You open the door.
There is an open door here.
You open the door.
A frilled lizard comes into view.
The frilled lizard hisses angrily.
A frilled lizard is nearby!
There is an open door here.
Are you sure you want to abandon this character and quit the game? (Confirm with "yes".)

* , , ..... , ... * ... , ** *
*...* * #l# * , , * * * #.# * *
* ## * #.# * #.# * ##@## ,* .#
*#.### ##...## *** *.# #.#.##
##.....## ####.###
###.#.######.......## ##.......
#........##.........####......##
* #.......'.........'...........
,#....#.##.........####......##
,###.##.###.......## #.........
*,* #.##.# ##.....## #.###.###.


You could see a frilled lizard.

Vanquished Creatures
  2 ball pythons (D:1)
  3 endoplasms (D:1)
  A goblin (D:1)
  A hobgoblin (D:1)
  A quokka (D:1)
  A bat (D:1)
  A frilled lizard (D:1)
  3 kobolds (D:1)
  3 rats (D:1)
16 creatures vanquished.

Notes
Turn   | Place    | Note
-------+----------+-------------------------------------------
     0 | D:1      | Inkie2 the Meteoran Fighter began the quest for the Orb.
     0 | D:1      | Reached XP level 1. HP: 19/19 MP: 2/2
    79 | D:1      | Reached XP level 2. HP: 26/26 MP: 3/3
   359 | D:1      | Reached XP level 3. HP: 31/31 MP: 4/4
   425 | D:1      | Quit the game

Illustrated notes

Levels and vault maps discovered:
D:1:      dpeg_arrival_tiny_a, layout_loops_corners, serial_shops, shop,
          dk_noncrumbling_4

Skill      XL: |  1 |
---------------+----+-----
Polearms       | 3 |  3.9
Fighting       | |  3.2
Armour         | |  3.2
Shields        | |  3.2

Action                     || total
---------------------------++-------
  Melee: Trident           ||    46
 Armour: Scale mail        ||    18
  Dodge: Dodged            ||    10
  Block: Buckler           ||     4

Table legend: (Time is in decaauts)
 A = Elapsed time spent in this place.
 B = Non-inter-level travel time spent in this place.
 C = Inter-level travel time spent in this place.
 D = Time resting spent in this place.
 E = Time spent auto-exploring this place.
 F = Levels seen in this place.
 G = Mean time per level.
                   A        B        C        D        E       F      G
               +--------+--------+--------+--------+--------+-----+--------+
         Total |    433 |    433 |      0 |      0 |    336 |   1 |  433.0 |
       Dungeon |    433 |    433 |      0 |      0 |    336 |   1 |  433.0 |
               +--------+--------+--------+--------+--------+-----+--------+

Top non-repeatable levels by time:
     D:1: 433 daAuts
